 Dungeon Crawl Stone Soup version 0.30.1-4-g462c640d31 (webtiles) character file.

Game seed: 10698472927056590636

8 ImaNewbie the Trooper (level 2, 24/24 HPs)
             Began as a Formicid Monk on Sept 13, 2023.
             Was an Initiate of Ru.
             Quit the game on level 1 of the Dungeon.
             The game lasted 00:01:11 (150 turns).

ImaNewbie the Trooper (Formicid Monk)                Turns: 150, Time: 00:01:12

Health: 24/24      AC:  2    Str: 15    XL:     2   Next: 15%
Magic:  2/2        EV: 13    Int:  9    God:    Ru [......]
Gold:   0          SH:  0    Dex: 16    Spells: 1/1 levels left

rFire   . . .        a - +0 spear
rCold   . . .        d - orb {light}
rNeg    . . .        b - +0 robe
rPois   .            (helmet unavailable)
rElec   .            (no cloak)
rCorr   .            (no gloves)
SInv    +            (no boots)
Will    .....        (no amulet)
Stlth   +            (no ring)
HPRegen 0.24/turn    (no ring)
MPRegen 0.08/turn

%: no passive effects
@: glowing
A: permanent stasis, dig shafts and tunnels, antennae 3, four strong arms
a: Dig, Shaft Self, Renounce Religion


You were on level 1 of the Dungeon.
You worshipped Ru.
Ru was noncommittal.
You visited 1 branch of the dungeon, and saw 1 of its levels.

Inventory:

Hand Weapons
 a - a +0 spear (weapon)
Armour
 b - a +0 robe (worn)
 d - an orb of light (worn)
Potions
 c - a potion of ambrosia


   Skills:
 + Level 3.6 Fighting
 + Level 3.3 Polearms
 - Level 2.6 Dodging


You had one spell level left.
You didn't know any spells.
Your spell library was empty.

Dungeon Overview and Level Annotations

Branches:
Dungeon (1/15)

Altars:
Ru


Innate Abilities, Weirdness & Mutations

You cannot be hasted, slowed, berserked, paralysed or teleported.
You can dig through walls and to a lower floor.
You have a pair of large antennae on your head. (SInv)
Your four strong arms can wield two-handed weapons with a shield.


Message History

You kill the rat!
Things that are here:
a rat corpse; a hobgoblin corpse; a rat corpse
Okay, then.
You start resting.
HP restored.
Found a faded altar of an unknown god.
A rat comes into view.
There is a faded altar of an unknown god here.
You hit the rat.
You kill the rat!
You have reached level 2!
There is a faded altar of an unknown god here.
This altar belongs to (a) Zin, (b) Ru or (c) Sif Muna, but you can't tell which.
Press the corresponding letter to learn more about a god, or press enter to convert or escape to cancel.
Okay, then.
A ball python comes into view.
You barely miss the ball python. The ball python barely misses you.
The ball python grabs you. The ball python constricts you.
You completely miss the ball python. The ball python closely misses you.
The ball python constricts you.
You hit the ball python.
The ball python is moderately wounded.
The ball python bites you. The ball python constricts you.
You hit the ball python.
You kill the ball python!
No target in view!
You see here a ball python corpse.
A kobold comes into view. It is wielding a +0 short sword.
The kobold shouts!
You reach to attack!
You hit the kobold.
You kill the kobold!
No target in view!
There is a stone staircase leading down here.
You see here a ball python corpse.
There is a faded altar of an unknown god here.
This altar belongs to (a) Zin, (b) Ru or (c) Sif Muna, but you can't tell which.
Press the corresponding letter to learn more about a god, or press enter to convert or escape to cancel.
Ru accepts your prayer! Ru welcomes you!
Okay, then.
Are you sure you want to abandon this character and quit the game? (Confirm with "yes".)

#......# #.###.@#
######## #.# ##.#
#......# #.# #.# #.####.#
#### #.#
#.###.####†####...
#.####.................
###.#....................
#.................####...
#.###.###+##.###### #...
#.....###.##.# #...
##..##.#P~.♣#.# #...
#......#P~<.'.# ####
#..###.#P~.♣#.#
##..###.###.##.####
#.........#+#......
#...###...#.#...... #...
##†.#........


There were no monsters in sight!

Vanquished Creatures
  A giant cockroach (D:1)
  A hobgoblin (D:1)
  A kobold (D:1)
  A quokka (D:1)
  A ball python (D:1)
  3 rats (D:1)
8 creatures vanquished.

Notes
Turn   | Place    | Note
-------+----------+-------------------------------------------
     0 | D:1      | ImaNewbie the Formicid Monk began the quest for the Orb.
     0 | D:1      | Reached XP level 1. HP: 18/18 MP: 1/1
    76 | D:1      | Found a faded altar of an unknown god.
    83 | D:1      | Reached XP level 2. HP: 24/24 MP: 2/2
   149 | D:1      | Prayed at the altar of an unknown god.
   149 | D:1      | Became a worshipper of Ru the Awakened
   150 | D:1      | Quit the game

Illustrated notes

Levels and vault maps discovered:
D:1:      tarquinn_simple_flora_water_e, layout_basic, basic_ecumenical_altar

Action                     || total
---------------------------++-------
  Melee: Spear             ||    23
  Dodge: Dodged            ||    11
